AoeStats
← Homer554

Hideout

510264181Analyzed
1v1 RM · 1d ago on Sep 30, 2026· 74m 31s· 2 players
Game mode
Random Map
Map size
Tiny (2 player)
Population
200
Speed
Normal
Resources
Standard
Victory
Conquest
Starting age
Dark Age
Ending age
Imperial Age
RankedLock teamsTeams togetherTeam positionsShared explorationLock speedFull tech treeHidden civsTurbo modeCheats
Victory
Defeat
🇷🇺 Mongols · Russia
880
+15
🇧🇪 Bengalis · Belgium
855
-15
Aubusson
9:57 Feudal Age
10:29 Double-Bit Axe
11:25 Wheelbarrow
10:48 Horse Collar
17:40 Castle Age
19:00 Light Cavalry
19:51 Bloodlines
19:54 Scale Barding Armor
21:13 Bow Saw
22:58 Loom
25:56 Hand Cart
29:08 Gold Mining
32:20 Imperial Age
29:36 Town Watch
30:42 Chain Barding Armor
32:19 Forging
33:40 Plate Barding Armor
32:37 Elite Battle Elephant
34:40 Two-Man Saw
34:48 Chemistry
35:07 Heavy Plow
35:49 Block Printing
35:56 Sanctity
35:50 Redemption
35:03 Pikeman
35:44 Squires
35:49 Scale Mail Armor
36:07 Stone Mining
37:07 Husbandry
38:05 Halberdier
39:44 Iron Casting
39:28 Chain Mail Armor
40:57 Conscription
41:06 Mahayana
42:11 Blast Furnace
43:59 Ballistics
43:52 Masonry
43:51 Siege Engineers
43:31 Elite Ratha (Ranged)
44:20 Paiks
44:39 Fletching
45:18 Bodkin Arrow
46:48 Crop Rotation
46:17 Siege Elephant
48:48 Architecture
48:31 Bracer
Homer554
10:59 Feudal Age
14:49 Castle Age
12:48 Double-Bit Axe
12:52 Horse Collar
15:44 Bow Saw
15:42 Heavy Plow
16:05 Loom
18:50 Wheelbarrow
20:43 Town Watch
24:19 Husbandry
24:29 Bloodlines
25:22 Hand Cart
28:05 Pikeman
28:45 Squires
29:23 Gold Mining
33:24 Fletching
34:02 Ballistics
33:53 Fortified Wall
33:39 Murder Holes
34:28 Gold Shaft Mining
36:51 Imperial Age
35:59 Scale Mail Armor
37:15 Forging
37:20 Chain Mail Armor
37:22 Masonry
38:52 Conscription
38:53 Drill
38:36 Nomads
39:10 Plate Mail Armor
39:16 Iron Casting
39:06 Herbal Medicine
40:38 Siege Engineers
41:35 Chemistry
41:29 Hoardings
40:47 Stone Mining
42:33 Blast Furnace
41:29 Bodkin Arrow
42:58 Onager
42:59 Heavy Scorpion
43:16 Light Cavalry
45:12 Thumb Ring
45:33 Parthian Tactics
46:33 Bracer
46:33 Padded Archer Armor
46:43 Arson
47:24 Elite Mangudai
49:33 Leather Archer Armor
50:07 Stone Shaft Mining
51:50 Siege Onager
51:50 Capped Ram
57:56 Siege Ram
62:18 Hussar
64:58 Scale Barding Armor
68:45 Chain Barding Armor
Connection lost

Rejoining the realm…

Still unreachable

The connection could not be restored.

Session expired

The server has moved on; the page needs a fresh start.